General information
- name: BNet
- type: Ladder team game (AT/RT)
- host: Battle.net
- saver: WizardRobe
map: Deadlands
- players: 8
- length: 49:09
- speed: Fast
- version: 1.26 W3XP
- replay type: Public
» download(320 KB)
Players
team 1 (loser)

»
PiMPstyle (
green | 30 APM | 1460 actions | 48:26)
4 Archmage
2 Blizzard
2 Brilliance Aura
6 Mountain King
3 Storm Bolt
2 Bash
1 Avatar
1 Paladin
1 Holy Light
» actions
| Assign group hotkey | 31 | |
| Basic commands | 49 | |
| Build / train | 65 | |
| Enter build submenu | 42 | |
| Enter hero's abilities submenu | 11 | |
| Give item / drop item | 1 | |
| Remove unit from queue | 2 | |
| Right click | 356 | |
| Select / deselect | 398 | |
| Select group hotkey | 386 | |
| Use ability | 119 | |
1460 total
» units
| Peasant | 9 | |
| Footman | 6 | |
| Rifleman | 2 | |
| Priest | 8 | |
| Knight | 2 | |
| Gryphon Rider | 2 | |
| Dragonhawk Rider | 2 | |
| Goblin Shredder | 1 | |
32 total
» upgrades
| Priest Training | 2 | |
| Animal War Training | 1 | |
| Magic Sentry | 1 | |
| Masonry | 1 | |
5 total
» buildings
| Altar of Kings | 2 | |
| Farm | 16 | |
| Barracks | 3 | |
| Blacksmith | 1 | |
| Scout Tower | 11 | |
| Keep | 1 | |
| Lumber Mill | 2 | |
| Arcane Tower | 1 | |
| Castle | 1 | |
| Arcane Sanctum | 1 | |
| Arcane Vault | 1 | |
| Gryphon Aviary | 1 | |
| Guard Tower | 5 | |
| Town Hall | 3 | |
49 total
» build order
01:13 Altar of Kings
01:19 Farm
02:10 Barracks
02:15 Barracks
02:20 Farm
02:50 Blacksmith
03:00 Scout Tower
03:18 Keep
03:25 Lumber Mill
03:43 Arcane Tower
04:01 Barracks
04:08 Farm
04:12 Farm
05:00 Farm
05:23 Scout Tower
05:28 Farm
06:01 Castle
06:45 Farm
06:56 Arcane Sanctum
07:15 Arcane Vault
08:33 Gryphon Aviary
10:25 Farm
10:31 Farm
11:02 Scout Tower
17:06 Farm
17:09 Scout Tower
18:27 Lumber Mill
20:50 Guard Tower
21:51 Town Hall
22:01 Scout Tower
22:03 Scout Tower
22:06 Scout Tower
23:19 Guard Tower
23:28 Farm
23:47 Guard Tower
23:49 Guard Tower
24:34 Farm
24:36 Farm
24:40 Farm
25:02 Farm
25:24 Scout Tower
25:27 Scout Tower
25:28 Scout Tower
25:30 Scout Tower
26:04 Guard Tower
27:34 Town Hall
29:18 Farm
30:16 Altar of Kings
33:35 Town Hall
» items
| Scroll of Town Portal | 3 | |
| Lesser Clarity Potion | 1 | |
4 total
WizardRobe (
orange | 42 APM | 2058 actions | 49:09)
7 Archmage
3 Summon Water Elemental
3 Brilliance Aura
1 Mass Teleport
» actions
| Assign group hotkey | 26 | |
| Basic commands | 159 | |
| Build / train | 112 | |
| Enter build submenu | 72 | |
| Enter hero's abilities submenu | 8 | |
| Give item / drop item | 6 | |
| Remove unit from queue | 1 | |
| Right click | 611 | |
| Select / deselect | 448 | |
| Select group hotkey | 115 | |
| Use ability | 500 | |
2058 total
» units
| Peasant | 17 | |
| Footman | 4 | |
| Goblin Shredder | 1 | |
| Goblin Sapper | 17 | |
| Gryphon Rider | 11 | |
50 total
» upgrades
| Masonry | 3 | |
| Animal War Training | 1 | |
| Swords | 3 | |
| Armor | 3 | |
| Storm Hammers | 1 | |
| Cloud | 1 | |
12 total
» buildings
| Altar of Kings | 2 | |
| Barracks | 1 | |
| Farm | 11 | |
| Lumber Mill | 4 | |
| Keep | 1 | |
| Arcane Vault | 4 | |
| Town Hall | 4 | |
| Scout Tower | 67 | |
| Guard Tower | 24 | |
| Castle | 1 | |
| Gryphon Aviary | 4 | |
| Blacksmith | 2 | |
125 total
» build order
00:58 Altar of Kings
00:59 Barracks
01:03 Altar of Kings
01:08 Farm
01:10 Farm
01:16 Farm
02:01 Farm
03:41 Lumber Mill
03:43 Keep
04:40 Arcane Vault
04:46 Town Hall
04:52 Scout Tower
04:53 Scout Tower
04:53 Scout Tower
04:54 Scout Tower
05:04 Scout Tower
05:19 Guard Tower
05:33 Guard Tower
06:15 Castle
08:04 Gryphon Aviary
08:05 Gryphon Aviary
08:06 Gryphon Aviary
08:07 Gryphon Aviary
08:10 Blacksmith
08:12 Blacksmith
08:16 Farm
08:21 Scout Tower
08:22 Scout Tower
08:23 Scout Tower
08:24 Scout Tower
08:27 Scout Tower
08:28 Scout Tower
08:28 Scout Tower
08:29 Scout Tower
08:31 Scout Tower
08:32 Scout Tower
08:33 Scout Tower
08:43 Lumber Mill
10:15 Guard Tower
10:26 Guard Tower
10:28 Guard Tower
11:32 Town Hall
11:36 Scout Tower
11:36 Scout Tower
11:37 Scout Tower
11:37 Scout Tower
11:39 Scout Tower
11:40 Scout Tower
11:40 Scout Tower
11:41 Scout Tower
11:42 Scout Tower
11:42 Scout Tower
11:43 Scout Tower
11:43 Scout Tower
11:49 Arcane Vault
11:57 Scout Tower
11:59 Scout Tower
11:59 Scout Tower
12:00 Scout Tower
12:01 Scout Tower
12:02 Scout Tower
12:07 Scout Tower
12:08 Scout Tower
12:08 Scout Tower
12:11 Scout Tower
12:13 Scout Tower
12:15 Arcane Vault
12:20 Guard Tower
12:36 Guard Tower
14:04 Guard Tower
14:07 Guard Tower
14:20 Guard Tower
14:20 Guard Tower
14:21 Guard Tower
14:21 Guard Tower
14:40 Guard Tower
18:21 Scout Tower
18:22 Scout Tower
18:23 Scout Tower
18:24 Scout Tower
18:26 Scout Tower
18:27 Scout Tower
18:29 Scout Tower
18:30 Scout Tower
18:34 Scout Tower
18:35 Scout Tower
18:36 Scout Tower
18:39 Scout Tower
18:39 Scout Tower
18:44 Scout Tower
18:45 Scout Tower
18:46 Scout Tower
20:01 Guard Tower
20:11 Lumber Mill
20:28 Farm
20:33 Farm
20:37 Farm
20:43 Farm
20:45 Farm
20:49 Farm
21:42 Guard Tower
23:03 Guard Tower
27:23 Town Hall
27:25 Scout Tower
27:26 Scout Tower
27:26 Scout Tower
27:27 Scout Tower
27:29 Scout Tower
27:29 Scout Tower
27:30 Scout Tower
27:32 Scout Tower
27:34 Scout Tower
27:36 Scout Tower
27:38 Scout Tower
27:39 Scout Tower
28:00 Guard Tower
28:02 Guard Tower
28:36 Guard Tower
28:57 Guard Tower
28:59 Guard Tower
29:24 Lumber Mill
31:47 Arcane Vault
33:35 Guard Tower
37:18 Town Hall
» items
| Scroll of Regeneration | 3 | |
| Mechanical Critter | 6 | |
| Staff of Teleportation | 1 | |
| Periapt of Vitality | 2 | |
| Potion of Lesser Invulnerability | 2 | |
| Potion of Invisibility | 1 | |
15 total
FeeDMe3 (
blue | 90 APM | 4067 actions | 45:03)
7 Far Seer
3 Feral Spirit
3 Chain Lighting
1 Earth Quake
7 Shadow Hunter
3 Hex
3 Healing Wave
1 Big Bad Voodoo
» actions
| Assign group hotkey | 140 | |
| Basic commands | 91 | |
| Build / train | 109 | |
| Enter build submenu | 45 | |
| Enter hero's abilities submenu | 14 | |
| Give item / drop item | 6 | |
| Remove unit from queue | 4 | |
| Right click | 1200 | |
| Select / deselect | 1007 | |
| Select group hotkey | 1084 | |
| Use ability | 367 | |
4067 total
» units
| Peon | 15 | |
| Wind Rider | 5 | |
| Shaman | 12 | |
| Troll Batrider | 22 | |
| Troll Witch Doctor | 6 | |
60 total
» upgrades
| Shaman Training | 2 | |
| Reinforced Defenses | 1 | |
| Witch Doctor Training | 2 | |
| Spiked Barricades | 1 | |
| Envenomed Spears | 1 | |
7 total
» buildings
| Altar of Storms | 1 | |
| Orc Burrow | 6 | |
| Voodoo Lounge | 2 | |
| War Mill | 2 | |
| Stronghold | 1 | |
| Watch Tower | 19 | |
| Spirit Lodge | 2 | |
| Beastiary | 3 | |
| Fortress | 1 | |
| Great Hall | 1 | |
38 total
» build order
00:20 Altar of Storms
00:22 Orc Burrow
01:14 Voodoo Lounge
01:29 War Mill
02:20 Stronghold
02:36 Orc Burrow
02:39 Orc Burrow
04:22 Watch Tower
04:28 Watch Tower
04:41 Spirit Lodge
04:46 Beastiary
05:10 Watch Tower
05:16 Orc Burrow
05:49 Watch Tower
05:51 Watch Tower
06:03 Fortress
06:05 Watch Tower
06:48 Watch Tower
07:44 Great Hall
07:46 Watch Tower
07:46 Watch Tower
09:02 Watch Tower
09:03 Watch Tower
09:58 Watch Tower
10:00 Watch Tower
10:07 Orc Burrow
10:10 Orc Burrow
11:21 Spirit Lodge
13:12 Beastiary
14:36 Voodoo Lounge
17:15 Watch Tower
17:23 War Mill
18:12 Watch Tower
18:14 Watch Tower
18:26 Watch Tower
18:29 Watch Tower
21:08 Watch Tower
22:55 Beastiary
» items
| Healing Salve | 3 | |
| Lesser Clarity Potion | 9 | |
| Scroll of Speed | 1 | |
| Scroll of Town Portal | 3 | |
| Potion of Healing | 2 | |
| Orb of Fire | 1 | |
| Potion of Mana | 1 | |
20 total

»
Ariobarzan (
purple | 28 APM | 1284 actions | 45:12)
5 Mountain King
2 Storm Bolt
2 Bash
1 Thunder Clap
3 Blood Mage
2 Flame Strike
1 Siphon Mana
» actions
| Basic commands | 12 | |
| Build / train | 98 | |
| Enter build submenu | 23 | |
| Enter hero's abilities submenu | 8 | |
| Give item / drop item | 2 | |
| Remove unit from queue | 1 | |
| Right click | 615 | |
| Select / deselect | 434 | |
| Use ability | 91 | |
1284 total
» units
| Peasant | 13 | |
| Rifleman | 7 | |
| Priest | 2 | |
| Goblin Shredder | 1 | |
| Gryphon Rider | 7 | |
| Siege Engine | 4 | |
| Mortar Team | 3 | |
| Sorceress | 1 | |
| Flying Machine | 6 | |
| Goblin Sapper | 1 | |
45 total
» upgrades
| Armor | 3 | |
| Gunpowder | 3 | |
| Long Rifles | 1 | |
| Masonry | 3 | |
| Swords | 2 | |
| Priest Training | 2 | |
| Storm Hammers | 1 | |
| Lumber Harvesting | 2 | |
| Sorceress Training | 2 | |
| Barrage | 1 | |
| Plating | 3 | |
| Flare | 1 | |
| Fragmentation Shards | 1 | |
| Flying Machine Bombs | 1 | |
| Flak Cannons | 1 | |
27 total
» buildings
| Lumber Mill | 1 | |
| Farm | 10 | |
| Altar of Kings | 1 | |
| Blacksmith | 1 | |
| Barracks | 1 | |
| Arcane Vault | 1 | |
| Keep | 1 | |
| Castle | 1 | |
| Arcane Sanctum | 2 | |
| Gryphon Aviary | 2 | |
| Town Hall | 4 | |
| Scout Tower | 17 | |
| Guard Tower | 5 | |
| Workshop | 2 | |
49 total
» build order
00:26 Lumber Mill
01:08 Farm
01:09 Farm
01:10 Farm
01:11 Farm
01:12 Farm
02:13 Altar of Kings
02:22 Blacksmith
02:40 Barracks
03:01 Arcane Vault
03:05 Farm
03:07 Farm
03:38 Keep
06:59 Castle
07:07 Arcane Sanctum
07:10 Gryphon Aviary
08:53 Gryphon Aviary
09:39 Town Hall
09:46 Scout Tower
09:47 Scout Tower
09:47 Scout Tower
09:47 Scout Tower
09:48 Scout Tower
09:49 Scout Tower
12:42 Guard Tower
14:01 Workshop
14:18 Workshop
18:11 Scout Tower
18:11 Scout Tower
18:11 Scout Tower
18:12 Scout Tower
18:14 Scout Tower
18:15 Scout Tower
18:35 Farm
18:35 Farm
18:36 Farm
19:20 Guard Tower
20:23 Scout Tower
20:24 Scout Tower
20:25 Scout Tower
20:27 Scout Tower
21:32 Guard Tower
21:42 Guard Tower
21:59 Guard Tower
27:54 Town Hall
32:02 Town Hall
32:12 Town Hall
34:13 Arcane Sanctum
36:07 Scout Tower
» items
| Scroll of Regeneration | 3 | |
| Orb of Lightning | 1 | |
| Lesser Clarity Potion | 1 | |
| Healing Salve | 1 | |
| Scroll of Town Portal | 2 | |
8 total
team 2 (winner)

»
teenwolfreturns (
pink | 60 APM | 1165 actions | 19:25)
2 Death Knight
1 Death Coil
1 Unholy Aura
2 Dreadlord
1 Vampiric Aura
1 Sleep
3 Dark Ranger
2 Black Arrow
1 Silence
» actions
| Assign group hotkey | 31 | |
| Build / train | 81 | |
| Enter build submenu | 15 | |
| Enter hero's abilities submenu | 7 | |
| Remove unit from queue | 1 | |
| Right click | 347 | |
| Select / deselect | 277 | |
| Select group hotkey | 344 | |
| Use ability | 62 | |
1165 total
» units
| Acolyte | 9 | |
| Ghoul | 7 | |
| Crypt Fiend | 12 | |
| Meatwagon | 4 | |
| Obsidian Statue | 3 | |
| Necromancer | 10 | |
45 total
» upgrades
| Creature Carapace | 4 | |
| Creature Attack | 3 | |
| Unholy Strength | 3 | |
| Unholy Armor | 2 | |
| Necromancer Training | 2 | |
| Exhume Corpses | 1 | |
| Skeletal Longevity | 1 | |
| Skeletal Mastery | 1 | |
17 total
» buildings
| Crypt | 1 | |
| Ziggurat | 6 | |
| Altar of Darkness | 1 | |
| Graveyard | 1 | |
| Nerubian Tower | 1 | |
| Tomb of Relics | 1 | |
| Halls of the Dead | 1 | |
| Black Citadel | 1 | |
| Temple of the Damned | 2 | |
| Slaughterhouse | 1 | |
| Necropolis | 1 | |
17 total
» build order
00:28 Crypt
00:35 Ziggurat
00:43 Altar of Darkness
00:59 Ziggurat
02:46 Graveyard
03:01 Ziggurat
03:34 Nerubian Tower
03:38 Tomb of Relics
04:15 Halls of the Dead
05:33 Ziggurat
06:56 Black Citadel
07:01 Temple of the Damned
07:14 Slaughterhouse
07:22 Temple of the Damned
12:26 Ziggurat
13:08 Necropolis
13:10 Ziggurat
» items
GUARDIANOFEARTH (
yellow | 75 APM | 3685 actions | 49:09)
7 Blademaster
3 Wind Walk
3 Critical Strike
1 Bladestorm
5 Shadow Hunter
2 Hex
3 Healing Wave
2 Lich
1 Dark Ritual
1 Frost Nova
1 Death Knight
1 Death Coil
» actions
| Assign group hotkey | 56 | |
| Basic commands | 5 | |
| Build / train | 95 | |
| Enter build submenu | 24 | |
| Enter hero's abilities submenu | 17 | |
| Give item / drop item | 6 | |
| Right click | 1853 | |
| Select / deselect | 321 | |
| Select group hotkey | 1153 | |
| Use ability | 155 | |
3685 total
» units
| Peon | 16 | |
| Wind Rider | 13 | |
| Gargoyle | 7 | |
| Necromancer | 5 | |
| Meatwagon | 4 | |
| Raider | 2 | |
47 total
» upgrades
| Reinforced Defenses | 1 | |
| Envenomed Spears | 1 | |
| Ranged Weapons | 2 | |
| Armor | 3 | |
| Ensnare | 1 | |
| Melee Weapons | 3 | |
| Pillage | 1 | |
12 total
» buildings
| Altar of Storms | 1 | |
| Orc Burrow | 8 | |
| Voodoo Lounge | 4 | |
| Stronghold | 2 | |
| War Mill | 2 | |
| Beastiary | 3 | |
| Fortress | 1 | |
| Watch Tower | 16 | |
| Sacrificial Pit | 1 | |
| Boneyard | 2 | |
40 total
» build order
00:07 Altar of Storms
00:22 Orc Burrow
01:07 Voodoo Lounge
02:05 Stronghold
02:05 Stronghold
02:32 War Mill
02:37 Orc Burrow
02:38 Orc Burrow
02:39 Orc Burrow
04:28 Beastiary
04:29 Beastiary
04:32 Fortress
07:28 Watch Tower
07:28 Watch Tower
07:28 Watch Tower
08:08 Watch Tower
08:35 Watch Tower
08:37 Watch Tower
08:58 Voodoo Lounge
09:28 Watch Tower
10:00 Voodoo Lounge
10:14 Beastiary
10:16 Orc Burrow
10:57 Watch Tower
10:58 Watch Tower
10:58 Watch Tower
10:58 Watch Tower
14:37 Voodoo Lounge
16:56 Sacrificial Pit
17:50 Watch Tower
17:50 Watch Tower
17:51 Watch Tower
19:40 Watch Tower
19:40 Watch Tower
19:49 Boneyard
19:50 Boneyard
30:43 War Mill
36:01 Orc Burrow
36:01 Orc Burrow
» items
| Healing Salve | 4 | |
| Staff of Teleportation | 1 | |
| Tiny Great Hall | 1 | |
| Potion of Lesser Invulnerability | 1 | |
| Scroll of Town Portal | 3 | |
| Orb of Lightning | 2 | |
| Potion of Healing | 2 | |
| Potion of Mana | 2 | |
16 total
ImHereNow (
red | 98 APM | 4815 actions | 49:09)
9 Archmage
3 Summon Water Elemental
3 Brilliance Aura
1 Mass Teleport
2 Blizzard
1 Death Knight
1 Unholy Aura
1 Lich
1 Frost Armor
» actions
| Assign group hotkey | 166 | |
| Basic commands | 137 | |
| Build / train | 295 | |
| ESC pressed | 10 | |
| Enter build submenu | 79 | |
| Enter hero's abilities submenu | 11 | |
| Give item / drop item | 11 | |
| Remove unit from queue | 2 | |
| Right click | 1788 | |
| Select / deselect | 774 | |
| Select group hotkey | 1209 | |
| Use ability | 333 | |
4815 total
» units
| Peasant | 12 | |
| Footman | 8 | |
| Goblin Shredder | 3 | |
| Dragonhawk Rider | 3 | |
| Gryphon Rider | 13 | |
| Mortar Team | 4 | |
| Rifleman | 8 | |
| Siege Engine | 3 | |
| Knight | 10 | |
| Abomination | 2 | |
66 total
» upgrades
| Swords | 3 | |
| Masonry | 3 | |
| Armor | 3 | |
| Animal War Training | 1 | |
| Storm Hammers | 1 | |
| Cloud | 1 | |
| Fragmentation Shards | 1 | |
| Gunpowder | 3 | |
| Long Rifles | 1 | |
| Flare | 1 | |
| Plating | 3 | |
| Barrage | 2 | |
| Unholy Armor | 1 | |
| Disease Cloud | 1 | |
| Ghoul Frenzy | 1 | |
| Backpack | 1 | |
27 total
» buildings
| Barracks | 3 | |
| Altar of Kings | 1 | |
| Farm | 11 | |
| Arcane Vault | 2 | |
| Lumber Mill | 1 | |
| Blacksmith | 1 | |
| Keep | 3 | |
| Scout Tower | 43 | |
| Guard Tower | 76 | |
| Town Hall | 1 | |
| Castle | 3 | |
| Gryphon Aviary | 5 | |
| Nerubian Tower | 4 | |
| Spirit Tower | 11 | |
| Workshop | 2 | |
| Cannon Tower | 27 | |
| Ziggurat | 4 | |
198 total
» build order
00:54 Barracks
01:05 Altar of Kings
01:10 Farm
01:13 Farm
01:18 Farm
01:55 Arcane Vault
02:43 Lumber Mill
02:50 Blacksmith
03:50 Keep
03:51 Keep
03:51 Keep
04:02 Farm
05:23 Farm
05:35 Scout Tower
05:37 Scout Tower
05:41 Scout Tower
06:21 Guard Tower
06:22 Guard Tower
07:06 Town Hall
07:07 Scout Tower
07:08 Scout Tower
07:10 Scout Tower
07:10 Scout Tower
07:41 Guard Tower
07:42 Guard Tower
07:45 Scout Tower
08:13 Guard Tower
08:14 Guard Tower
08:50 Castle
08:50 Castle
08:57 Gryphon Aviary
09:01 Gryphon Aviary
09:03 Gryphon Aviary
10:01 Scout Tower
10:05 Scout Tower
10:19 Scout Tower
10:19 Scout Tower
10:21 Scout Tower
10:22 Scout Tower
10:25 Scout Tower
10:28 Scout Tower
10:29 Scout Tower
10:34 Scout Tower
10:45 Guard Tower
10:45 Guard Tower
10:56 Farm
11:00 Guard Tower
11:00 Guard Tower
11:01 Guard Tower
11:01 Guard Tower
11:02 Guard Tower
11:04 Guard Tower
11:04 Guard Tower
11:09 Scout Tower
11:10 Scout Tower
11:31 Guard Tower
11:31 Guard Tower
11:31 Guard Tower
11:34 Guard Tower
11:34 Guard Tower
11:34 Guard Tower
11:39 Guard Tower
11:39 Guard Tower
11:39 Guard Tower
12:17 Nerubian Tower
12:17 Nerubian Tower
12:18 Nerubian Tower
12:20 Spirit Tower
12:20 Spirit Tower
12:20 Spirit Tower
12:21 Spirit Tower
12:21 Spirit Tower
12:22 Spirit Tower
12:22 Spirit Tower
12:22 Spirit Tower
14:14 Scout Tower
14:14 Scout Tower
16:17 Guard Tower
16:17 Guard Tower
16:17 Guard Tower
16:20 Scout Tower
16:23 Scout Tower
16:32 Farm
16:35 Farm
16:36 Farm
16:42 Gryphon Aviary
16:50 Guard Tower
16:51 Guard Tower
17:06 Guard Tower
17:06 Guard Tower
17:12 Scout Tower
17:17 Scout Tower
17:48 Guard Tower
17:49 Guard Tower
17:49 Guard Tower
17:54 Gryphon Aviary
17:59 Farm
18:35 Guard Tower
18:35 Guard Tower
18:35 Guard Tower
18:40 Workshop
18:47 Scout Tower
20:06 Guard Tower
20:06 Guard Tower
20:07 Guard Tower
20:10 Scout Tower
20:14 Scout Tower
21:04 Guard Tower
21:04 Guard Tower
21:04 Guard Tower
21:20 Workshop
21:32 Scout Tower
21:35 Scout Tower
21:39 Scout Tower
21:45 Scout Tower
21:49 Scout Tower
21:58 Arcane Vault
22:10 Cannon Tower
22:11 Cannon Tower
22:11 Cannon Tower
22:11 Cannon Tower
22:21 Guard Tower
22:21 Guard Tower
22:21 Guard Tower
22:42 Cannon Tower
22:42 Cannon Tower
22:42 Cannon Tower
22:46 Cannon Tower
22:46 Cannon Tower
22:48 Cannon Tower
22:48 Cannon Tower
23:18 Scout Tower
23:22 Scout Tower
23:26 Scout Tower
23:45 Cannon Tower
23:45 Cannon Tower
23:49 Scout Tower
23:52 Scout Tower
23:52 Cannon Tower
23:53 Cannon Tower
23:59 Scout Tower
24:00 Scout Tower
24:02 Scout Tower
24:03 Scout Tower
24:20 Cannon Tower
24:20 Cannon Tower
24:21 Cannon Tower
24:21 Cannon Tower
24:21 Cannon Tower
24:26 Guard Tower
24:26 Guard Tower
24:26 Guard Tower
24:27 Guard Tower
24:27 Guard Tower
24:27 Guard Tower
24:27 Guard Tower
24:28 Guard Tower
24:28 Guard Tower
25:01 Guard Tower
25:01 Guard Tower
25:09 Guard Tower
25:09 Guard Tower
25:09 Guard Tower
26:39 Barracks
26:44 Barracks
27:34 Farm
29:20 Spirit Tower
29:20 Spirit Tower
35:32 Ziggurat
35:34 Ziggurat
36:30 Ziggurat
36:31 Ziggurat
» items
| Scroll of Regeneration | 8 | |
| Mechanical Critter | 6 | |
| Periapt of Vitality | 2 | |
| Staff of Teleportation | 1 | |
| Scroll of Town Portal | 3 | |
| Staff of Sanctuary | 1 | |
| Scroll of Healing | 1 | |
| Orb of Lightning | 2 | |
| Healing Salve | 2 | |
26 total

»
651684313219687 (
teal | 120 APM | 1367 actions | 11:23)
4 Death Knight
2 Death Coil
2 Unholy Aura
1 Lich
1 Frost Nova
» actions
| Assign group hotkey | 9 | |
| Basic commands | 29 | |
| Build / train | 44 | |
| ESC pressed | 1 | |
| Enter build submenu | 29 | |
| Enter hero's abilities submenu | 5 | |
| Give item / drop item | 5 | |
| Right click | 626 | |
| Select / deselect | 400 | |
| Select group hotkey | 158 | |
| Use ability | 61 | |
1367 total
» units
| Acolyte | 7 | |
| Ghoul | 5 | |
| Crypt Fiend | 7 | |
| Obsidian Statue | 2 | |
21 total
» upgrades
| Creature Attack | 1 | |
| Creature Carapace | 1 | |
| Web | 1 | |
3 total
» buildings
| Crypt | 2 | |
| Ziggurat | 7 | |
| Altar of Darkness | 1 | |
| Graveyard | 1 | |
| Tomb of Relics | 3 | |
| Necropolis | 1 | |
| Halls of the Dead | 2 | |
| Nerubian Tower | 1 | |
| Spirit Tower | 2 | |
| Slaughterhouse | 1 | |
| Black Citadel | 1 | |
22 total
» build order
00:09 Crypt
00:13 Ziggurat
00:37 Altar of Darkness
01:01 Graveyard
01:32 Tomb of Relics
01:35 Tomb of Relics
01:46 Ziggurat
03:51 Ziggurat
04:44 Necropolis
05:09 Ziggurat
05:10 Ziggurat
05:35 Halls of the Dead
05:35 Halls of the Dead
06:02 Nerubian Tower
06:17 Spirit Tower
06:52 Ziggurat
07:48 Spirit Tower
08:09 Crypt
08:13 Slaughterhouse
09:49 Tomb of Relics
09:53 Black Citadel
10:16 Ziggurat
» items
| Rod of Necromancy | 1 | |
| Sacrificial Skull | 1 | |
| Healing Salve | 1 | |
| Lesser Clarity Potion | 1 | |
| Boots of Speed | 1 | |
5 total
Chat log
(00:07 / Allies) FeeDMe3: hello
(00:12 / Allies) Ariobarzan: hi
(00:16 / Allies) FeeDMe3: anyone want to feed me? ;)
(00:47 / Allies) Ariobarzan: n:ot nice n:ot me
(00:58 / Allies) FeeDMe3: give me some gold at least purple?
(01:09 / Allies) FeeDMe3: ty pimp
(01:25 / All) GUARDIANOFEARTH: i always win jeopardy so it is irrelevant
(01:33 / All) ImHereNow: ?
(01:34 / All) WizardRobe: LOL
(01:51 / All) ImHereNow: what you talking about
(03:14 / All) ImHereNow: BLUE
(03:15 / All) ImHereNow: WHAT YEAR IS IT
(03:42 / All) ImHereNow: FAR SEER HARASS
(03:46 / All) ImHereNow: IT'S 2016
(04:04 / All) GUARDIANOFEARTH: cunt
(05:32 / All) WizardRobe: some wierd sound coming into my headphones
(06:01 / All) WizardRobe: wtf
(06:32 / Allies) Ariobarzan: blue st:ot:owers
(06:38 / Allies) FeeDMe3: ?
(06:54 / Allies) Ariobarzan: at my base
(06:58 / Allies) FeeDMe3: relax
(07:03 / Allies) FeeDMe3: orc probably going bats dude
(08:10 / Allies) FeeDMe3: gold plz
(10:14 / Allies) FeeDMe3: meet
(10:49 / Allies) FeeDMe3: wood?
(12:15 / Allies) PiMPstyle: you didn't leave me an xpo
(13:56 / All) WizardRobe: I have some weird cyberpunk noises coming thru my headset yo
(14:09 / All) ImHereNow: interference?
(14:18 / All) WizardRobe: it's neuromancer yo
(14:37 / All) WizardRobe: the sky is the color of a television set to a dead channel
(17:07 / All) WizardRobe: TIME IS A FLAT CIRCLE
(17:08 / Allies) FeeDMe3: gold?
(17:42 / Allies) PiMPstyle: all those towers
(17:46 / Allies) FeeDMe3: not attackin 100 towers
(17:57 / Allies) PiMPstyle: i need to steal one of their xpos soon
(19:03 / All) WizardRobe: wow
(19:07 / All) WizardRobe: that is just begging to get aoe'd
(19:20 / All) WizardRobe: LOL
(19:23 / All) WizardRobe: that dispel
(19:30 / All) WizardRobe: I got nearly level 6 from it
(19:40 / All) ImHereNow: 1 control group with tanks
(19:41 / All) ImHereNow: = bad idea
(21:12 / Allies) PiMPstyle: tp
(21:15 / Allies) PiMPstyle: i have no aa
(21:53 / Allies) FeeDMe3: tower up
(22:30 / Allies) Ariobarzan: w:o:od
(25:10 / Allies) FeeDMe3: more towers bro
(25:15 / Allies) FeeDMe3: get like 15
(26:36 / Allies) FeeDMe3: go
(28:11 / Allies) Ariobarzan: g:oldls
(28:27 / Allies) Ariobarzan: g:old
(28:30 / Allies) Ariobarzan: :oj
(29:33 / Allies) Ariobarzan: wtf :oj
(29:48 / Allies) FeeDMe3: relax, we will win
(30:42 / Allies) Ariobarzan: blue g:old
(30:51 / All) WizardRobe: this is a good map for lumber
(32:48 / All) FeeDMe3: leave plz
(32:59 / All) ImHereNow: why leave a game that we're winning
(35:22 / Allies) FeeDMe3: meet
(36:44 / Allies) FeeDMe3: orange???
(36:48 / Allies) FeeDMe3: why?
(36:57 / Allies) WizardRobe: purple kill my griff
(37:12 / All) ImHereNow: this is too much shit to control
(37:47 / All) ImHereNow: leave plz
(38:13 / All) ImHereNow: asshole jake moving my undead army wtf
(39:33 / Allies) WizardRobe: lol purp
(39:41 / All) GUARDIANOFEARTH: out homo blue
(40:01 / Allies) FeeDMe3: orange some help?
(40:08 / Allies) WizardRobe: too risky
(40:12 / Allies) FeeDMe3: or gold?
(40:17 / Allies) WizardRobe: not enough to share
(40:29 / Allies) FeeDMe3: troll often?
(40:35 / Allies) WizardRobe: not me
(40:43 / Allies) WizardRobe: I don't even like to kid
(40:46 / All) GUARDIANOFEARTH: gonna upload this on wcr, blue
(40:49 / All) GUARDIANOFEARTH: cuz i know u post there
(40:53 / All) FeeDMe3: go for it.
(40:55 / All) GUARDIANOFEARTH: the slaughter of "feedme"
(42:20 / All) FeeDMe3: post a 5 v 3 game
(42:23 / All) FeeDMe3: orange team killnig
(42:24 / All) FeeDMe3: no reason
(42:24 / Allies) WizardRobe: I did help
(42:26 / All) GUARDIANOFEARTH: u will be humiliated blue
(42:26 / All) ImHereNow: lol
(42:29 / All) GUARDIANOFEARTH: ur rep will be ruined
(42:31 / All) ImHereNow: he had a reason I'm sure
(42:49 / All) GUARDIANOFEARTH: we had 2 leavers, it was 4v2 ur advantage blue
(43:52 / All) FeeDMe3: 45 min game to win a 3 v 5? Will only prove how bad your team was.
(43:58 / All) ImHereNow: lol
(44:03 / All) GUARDIANOFEARTH: u had 4 retard. we had 2
(44:09 / All) GUARDIANOFEARTH: ur the one getting humiliated
(44:53 / All) ImHereNow: jesus meat wagons are fast with unholy aura
(45:22 / All) WizardRobe: they have quitter's hearts
(46:24 / All) GUARDIANOFEARTH: saw a green mk around here
(47:23 / All) WizardRobe: I kilt it
(47:27 / All) WizardRobe: he gave me resources after
(47:33 / All) WizardRobe: not that good chat
(48:27 / All) GUARDIANOFEARTH: i aint u pto no mischief just going ova here
(48:35 / All) WizardRobe: lol
(48:37 / All) ImHereNow: Blue lose?
(48:42 / All) WizardRobe: yeah
(48:43 / All) GUARDIANOFEARTH: stats
(48:45 / All) GUARDIANOFEARTH: him
(48:48 / All) WizardRobe: 0-0\
(49:02 / All) WizardRobe: I got 3 legit tho